[Event "January 9 Early 2024"]
[Site "https://www.chess.com"]
[Date "2024.01.11"]
[Round "4"]
[White "Nouali, Mohamed"]
[Black "Ovezdurdyyeva, Jemal"]
[Result "0-1"]
[Board "285"]
[TimeControl "180+1"]
[WhiteFideId "5502462"]
[BlackFideId "14001888"]
[WhiteElo "2584"]
[BlackElo "2458"]
[WhiteTeam "TUN"]
[BlackTeam "TKM"]
[WhiteClock "0:00:06"]
[BlackClock "0:00:10"]

1. e4 d6 2. d4 Nf6 3. Nc3 g6 4. Bg5 Bg7 5. e5 Nfd7 6. e6 fxe6 7. Nf3 O-O 8. h4 Nf6 9. Bd3 Qe8 10. Qe2 Nc6 11. O-O-O Nb4 12. Bc4 d5 13. Bb3 a5 14. a4 c6 15. Ne5 Nd7 16. h5 Nxe5 17. dxe5 Bd7 18. f4 b5 19. g4 bxa4 20. Nxa4 c5 21. hxg6 Bxa4 22. Rxh7 Bxb3 23. Rdh1 Qxg6 24. cxb3 Nd3+ 25. Kd2 Nxf4 26. Qh2 Qd3+ 27. Ke1 Qb1+ 28. Kd2 Qxb2+ 29. Kd1 Qxh2 30. R7xh2 Ng6 31. Rh6 Nxe5 32. R6h5 Ng6 33. Bd2 a4 34. Rg5 Rf6 35. bxa4 Rxa4 36. Kc2 Ra2+ 37. Kd1 Ra1+ 38. Kc2 Rxh1 39. Rh5 Rxh5 40. gxh5 Nf4 41. h6 Bxh6 42. Kb1 Kf7 43. Bxf4 Bxf4 44. Ka2 Kg6 45. Kb1 Kf5 46. Kc2 Ke4 47. Kb1 c4 48. Ka2 Kd4 49. Kb1 Be5 50. Ka2 Rf3 51. Kb1 Bd6 0-1

[Event "January 9 Early 2024"]
[Site "https://www.chess.com"]
[Date "2024.01.11"]
[Round "4"]
[White "Tulchynskyi, Feliks"]
[Black "Krzywda, Andrzej"]
[Result "1-0"]
[Board "286"]
[TimeControl "180+1"]
[WhiteFideId "34127895"]
[BlackFideId "1114565"]
[WhiteElo "2561"]
[BlackElo "2388"]
[WhiteTeam "UKR"]
[BlackTeam "POL"]
[WhiteClock "0:00:11"]
[BlackClock "0:00:02"]

1. c4 e6 2. Nc3 d5 3. d4 Nf6 4. cxd5 exd5 5. Bg5 c6 6. e3 h6 7. Bh4 Be7 8. Bd3 O-O 9. Qc2 Re8 10. h3 Ne4 11. Bxe7 Qxe7 12. Bxe4 dxe4 13. Nge2 Nd7 14. Ng3 Nf6 15. Rb1 h5 16. b4 h4 17. Nge2 Bf5 18. O-O a6 19. a4 b5 20. Rfc1 Rac8 21. Qb2 Qd7 22. Kh2 g5 23. Nd1 Nd5 24. Rc5 Re6 25. Ndc3 Ne7 26. Rc1 Kh7 27. axb5 axb5 28. d5 cxd5 29. Rxc8 Nxc8 30. Nd4 Rf6 31. Ncxb5 Bg6 32. Rc7 Qe8 33. Kg1 Nb6 34. Nc6 Rxc6 35. Rxc6 Qxc6 36. Nd4 Qc4 37. b5 f6 38. Qa3 Qc7 39. Qf8 Qf7 40. Qd8 Nc4 41. Nc6 f5 42. Nb4 Kh6 43. Nxd5 f4 44. Qh8+ Bh7 45. Qd4 fxe3 46. fxe3 Nd6 47. Nc3 Nf5 48. Qb6+ Kg7 49. Nxe4 Ng3 50. Qd4+ Kh6 51. Nxg3 hxg3 52. Qd6+ Kg7 53. Qxg3 Qb3 54. Qe5+ Kg8 55. Qxg5+ Kf8 56. Kh2 Qd3 57. Qf4+ Ke7 58. Qe5+ Kf7 59. b6 Qb3 60. Qc7+ Kg6 61. b7 Kh6 62. b8=Q Qxb8 63. Qxb8 Bg6 64. Qf4+ Kh5 65. h4 Bf5 66. Qg5# 1-0

[Event "January 9 Early 2024"]
[Site "https://www.chess.com"]
[Date "2024.01.11"]
[Round "4"]
[White "Stojanovski, Sandi"]
[Black "Carre, Sylvain"]
[Result "1-0"]
[Board "287"]
[TimeControl "180+1"]
[WhiteFideId "1403249"]
[BlackFideId "642118"]
[WhiteElo "2561"]
[BlackElo "2369"]
[WhiteTeam "DEN"]
[BlackTeam "FRA"]
[WhiteClock "0:00:09"]
[BlackClock "0:00:07"]

1. d3 d5 2. Nf3 Nf6 3. g3 Bf5 4. Bg2 c6 5. O-O h6 6. c4 e6 7. cxd5 exd5 8. Nc3 Be7 9. e4 dxe4 10. dxe4 Qxd1 11. Rxd1 Nxe4 12. Nd4 Nxc3 13. bxc3 Bd7 14. Re1 Kd8 15. Rb1 b6 16. Bf4 Bc5 17. Rbd1 Re8 18. Rxe8+ Kxe8 19. Nb5 Na6 20. Bd6 Bxd6 21. Rxd6 Ke7 22. Bxc6 Bxc6 23. Rxc6 Kd7 24. Rd6+ Ke7 25. Rd4 Nc5 26. Kf1 a6 27. Nc7 Rd8 28. Nd5+ Kf8 29. Nxb6 Rb8 30. Nc4 Rb1+ 31. Kg2 Ne6 32. Rd6 Rc1 33. Rxa6 Rxc3 34. Ne5 Ng5 35. Ra8+ Ke7 36. h4 Ne4 37. Ra7+ Ke6 38. Nxf7 Rc2 39. Nd8+ Kd5 40. Rd7+ Ke5 41. Rf7 Rxa2 42. Nc6+ Ke6 43. Rf4 Nf6 44. Nd4+ Ke5 45. Nf5 Rb2 46. Nxg7 Nd5 47. Rf5+ Kd4 48. Rf3 Ra2 49. Nf5+ Kc5 50. Nxh6 Nb4 51. Ng4 Nc2 52. Kh3 Ne1 53. Rf5+ Kd4 54. h5 Nd3 55. h6 Ra1 56. Kh4 Rh1+ 57. Kg5 Kc4 58. Kg6 Nc5 59. h7 Ne6 60. Rf7 Kd5 61. Nf6+ Kd6 62. Ng4 Kd5 63. Rf6 Nd4 64. Rf5+ Nxf5 65. Kxf5 Rxh7 66. Nf6+ Kd4 67. Nxh7 Kd3 68. g4 Ke2 69. g5 Kxf2 70. g6 Ke3 71. g7 Kd4 72. g8=Q 1-0

[Event "January 9 Early 2024"]
[Site "https://www.chess.com"]
[Date "2024.01.11"]
[Round "4"]
[White "Rojas Salas, Steven"]
[Black "Khamrakulov, Djurabek"]
[Result "1/2-1/2"]
[Board "288"]
[TimeControl "180+1"]
[WhiteFideId "3819434"]
[BlackFideId "14201143"]
[WhiteElo "2627"]
[BlackElo "2825"]
[WhiteTeam "PER"]
[BlackTeam "UZB"]
[WhiteClock "0:00:11"]
[BlackClock "0:00:05"]

1. d4 Nf6 2. c4 e6 3. Nc3 Bb4 4. e3 c5 5. Nf3 cxd4 6. exd4 d5 7. cxd5 Nxd5 8. Bd2 Nc6 9. Bd3 O-O 10. O-O Be7 11. Qe2 Nf6 12. Be3 b6 13. a3 Bb7 14. Ba6 Qc8 15. Bxb7 Qxb7 16. Rac1 Rac8 17. Rfd1 Rfd8 18. Ne5 Na5 19. Rc2 Nd5 20. Nxd5 Qxd5 21. Rdc1 Rxc2 22. Qxc2 Bf6 23. Nc6 Nxc6 24. Qxc6 Qxc6 25. Rxc6 h6 26. Rc4 e5 27. d5 Rxd5 28. g3 Rd7 29. Rc6 e4 30. b4 Bb2 31. a4 Rd1+ 32. Kg2 Ra1 33. a5 bxa5 34. bxa5 Rxa5 35. Rc8+ Kh7 36. Rc7 f5 37. Rxa7 Rb5 38. h4 Rd5 39. Rb7 Bd4 40. Bxd4 Rxd4 41. Kf1 Rd3 42. Ke2 Rf3 43. Ra7 f4 44. gxf4 Rxf4 45. h5 Rf5 46. Re7 Rxh5 47. Rxe4 Kg6 48. Kf1 Kf5 49. Re7 g5 50. Ra7 Rh4 51. Kg2 Rg4+ 52. Kh3 Rb4 53. Ra5+ Kf4 54. Kg2 h5 55. Ra8 Kg4 56. Rh8 Rb3 57. Rf8 Rc3 58. Rf7 Rc4 59. Rf8 Rf4 60. f3+ Kh4 61. Rxf4+ gxf4 62. Kh2 Kg5 63. Kh3 Kh6 64. Kh4 Kg6 65. Kh3 Kg5 66. Kg2 Kf5 67. Kh3 Kf6 68. Kh4 Kg6 69. Kh3 Kg5 70. Kg2 Kf5 71. Kh3 Kg5 1/2-1/2

[Event "January 9 Early 2024"]
[Site "https://www.chess.com"]
[Date "2024.01.11"]
[Round "4"]
[White "Tifferet, Shakked"]
[Black "Ratnesan, Ranesh"]
[Result "0-1"]
[Board "289"]
[TimeControl "180+1"]
[WhiteFideId "2811529"]
[BlackFideId "439339"]
[WhiteElo "2484"]
[BlackElo "2305"]
[WhiteTeam "ISR"]
[BlackTeam "ENG"]
[WhiteClock "0:00:12"]
[BlackClock "0:00:19"]

1. g3 d5 2. Bg2 Nf6 3. f4 c5 4. Nf3 Nc6 5. O-O g6 6. b3 Bg7 7. Bb2 O-O 8. e3 Qc7 9. Na3 a6 10. Qe2 Rd8 11. Ne5 Be6 12. Nxc6 Qxc6 13. Be5 Bg4 14. Qe1 Qd7 15. d3 Rac8 16. Qd2 b5 17. Rae1 Bh3 18. Bxh3 Qxh3 19. Qg2 Qxg2+ 20. Kxg2 d4 21. exd4 cxd4 22. Bxf6 Bxf6 23. Rf2 Rc5 24. Rfe2 Rdc8 25. Kf3 e6 26. h4 h6 27. Rh1 Kg7 28. Rhh2 Kf8 29. Kf2 R5c6 30. Ke1 Be7 31. Nb1 Bb4+ 32. Kd1 Ke8 33. Re4 Bc5 34. Nd2 f5 35. Ree2 Kf7 36. Nf3 Kf6 37. Rh1 a5 38. Rhe1 a4 39. Ne5 Rd6 40. h5 g5 41. Nf3 Bb4 42. Rh1 axb3 43. cxb3 g4 44. Ne5 Ra6 45. Rhh2 Bc3 46. Rc2 Rd6 47. Rhe2 b4 48. Nc4 Rdc6 49. Re5 Rc5 50. Rxc5 Rxc5 51. Re2 Rc7 52. Kc2 Ra7 53. Kb1 Rc7 54. Re5 Ra7 55. Rb5 Be1 56. Rb8 Bxg3 57. Rxb4 Bxf4 58. Nb6 g3 59. Rxd4 g2 60. Rxf4 g1=Q+ 61. Kb2 Rc7 62. Nc4 Qh2+ 63. Rf2 Qxf2+ 64. Kc3 Qxa2 65. b4 Qa1+ 66. Kb3 Qa7 67. b5 Qc5 68. b6 Rb7 69. Ka4 Rxb6 70. Nxb6 Qxb6 71. d4 Qxd4+ 72. Kb5 e5 73. Kc6 e4 74. Kc7 e3 75. Kc6 e2 76. Kc7 e1=Q 77. Kc6 Qec3+ 78. Kb7 Qdb4+ 79. Ka6 Qca3# 0-1

[Event "January 9 Early 2024"]
[Site "https://www.chess.com"]
[Date "2024.01.11"]
[Round "4"]
[White "Begunov, Konstantin"]
[Black "Rozum, Ivan"]
[Result "1-0"]
[Board "290"]
[TimeControl "180+1"]
[WhiteFideId "4118510"]
[BlackFideId "24104272"]
[WhiteElo "2485"]
[BlackElo "2609"]
[WhiteTeam "RUS"]
[BlackTeam "RUS"]
[WhiteClock "0:00:03"]
[BlackClock "0:00:02"]

1. d4 Nf6 2. c4 e6 3. Nf3 d5 4. Nc3 Bb4 5. Qa4+ Nc6 6. Ne5 O-O 7. Nxc6 Bxc3+ 8. bxc3 Qe8 9. Bg5 Bd7 10. Bxf6 Bxc6 11. Qc2 gxf6 12. cxd5 Bxd5 13. e4 Bc6 14. Be2 Kh8 15. O-O Rg8 16. Bf3 f5 17. Rfe1 fxe4 18. Bxe4 Bxe4 19. Qxe4 c6 20. Qe5+ Rg7 21. Re3 Qb8 22. Qf6 Qd8 23. Qe5 Qd5 24. g3 Qxe5 25. Rxe5 Rd8 26. Rb1 Rd7 27. a4 h6 28. Ra5 a6 29. Rh5 Kh7 30. a5 Rg5 31. Rxg5 hxg5 32. Kg2 Kg6 33. Kf3 f5 34. h4 Rc7 35. c4 Rd7 36. Ke3 Kh5 37. hxg5 Kxg5 38. Rh1 Kf6 39. Rh8 Rc7 40. Rf8+ Ke7 41. Rh8 Kd6 42. c5+ Kd5 43. Kd3 e5 44. Rd8+ Ke6 45. Re8+ Kf7 46. Rxe5 Kf6 47. Re8 Rh7 48. Rb8 Ke6 49. Kc4 Rf7 50. f3 Rg7 51. g4 fxg4 52. fxg4 Kf6 53. d5 Rxg4+ 54. Kd3 cxd5 55. Rxb7 Ke5 56. Re7+ Kf6 57. Ra7 Ke5 58. Rxa6 Rg3+ 59. Kd2 Kd4 60. c6 Rc3 61. Rb6 Ra3 62. a6 Ra2+ 63. Kc1 Kc3 64. Kb1 Ra5 65. c7 Rc5 66. a7 1-0

[Event "January 9 Early 2024"]
[Site "https://www.chess.com"]
[Date "2024.01.11"]
[Round "4"]
[White "Gutkin, Ilya"]
[Black "Goryachkina, Aleksandra"]
[Result "1/2-1/2"]
[Board "291"]
[TimeControl "180+1"]
[WhiteFideId "16203470"]
[BlackFideId "4147103"]
[WhiteElo "2350"]
[BlackElo "2655"]
[WhiteTeam "GER"]
[BlackTeam "FID"]
[WhiteClock "0:00:03"]
[BlackClock "0:00:05"]

1. Nf3 c5 2. b3 b6 3. g3 Bb7 4. Bg2 Nf6 5. c4 g6 6. Bb2 Bg7 7. O-O O-O 8. d4 cxd4 9. Qxd4 d6 10. Nc3 Ne4 11. Qe3 Nd7 12. Qc1 Rc8 13. Nxe4 Bxb2 14. Qxb2 Bxe4 15. Rac1 Nf6 16. Rfd1 Qc7 17. Nd4 Bxg2 18. Kxg2 Qb7+ 19. Kg1 a6 20. h4 h5 21. Nc2 b5 22. Ne3 bxc4 23. Rxc4 Rxc4 24. Nxc4 Ne4 25. Qd4 Rc8 26. Rd3 Nc5 27. Re3 Ne6 28. Qd3 Ng7 29. Rf3 Qc6 30. e4 Qc5 31. Qd5 Qxd5 32. exd5 Nf5 33. Rd3 Rc5 34. Kf1 Kf8 35. Ke2 Ke8 36. Kd2 Nh6 37. Kc3 Ng4 38. Rd2 Nf6 39. b4 Ne4+ 40. Kd3 Rxc4 41. Rb2 Rc3+ 42. Kxe4 Ra3 43. f3 Kd7 44. Kf4 f6 45. g4 Ra4 46. gxh5 gxh5 47. Kf5 Ra3 48. Kg6 Rxf3 49. Kxh5 Rg3 50. a4 Kc7 51. b5 axb5 52. axb5 Kb6 53. Kh6 Rg4 54. h5 f5 55. Kh7 f4 56. h6 f3 57. Rf2 Rg3 58. Kh8 Kxb5 59. h7 Kc5 60. Rd2 Kc4 61. Rd4+ Kc5 62. Rg4 Rxg4 1/2-1/2

[Event "January 9 Early 2024"]
[Site "https://www.chess.com"]
[Date "2024.01.11"]
[Round "4"]
[White "Diaz, Fernando"]
[Black "Delorme, Axel"]
[Result "0-1"]
[Board "292"]
[TimeControl "180+1"]
[WhiteFideId "3701255"]
[BlackFideId "632023"]
[WhiteElo "2277"]
[BlackElo "2493"]
[WhiteTeam "PAR"]
[BlackTeam "FRA"]
[WhiteClock "0:00:19"]
[BlackClock "0:00:07"]

1. e4 c5 2. d4 cxd4 3. c3 dxc3 4. Nxc3 Nc6 5. Bc4 e6 6. Nf3 a6 7. O-O b5 8. Bb3 Bb7 9. Bf4 Na5 10. Bc2 Nf6 11. Qe2 Be7 12. Rfd1 O-O 13. Rac1 Rc8 14. Bd3 d5 15. e5 Nd7 16. h4 h6 17. h5 Nc5 18. Bb1 b4 19. Ne4 Nxe4 20. Bxe4 Rxc1 21. Bxc1 Qc7 22. Bd3 b3 23. Bb1 Rc8 24. Qd3 Kf8 25. Qh7 Ke8 26. Qxg7 Qxc1 27. Rxc1 Rxc1+ 28. Kh2 Rxb1 29. axb3 Rxb2 30. Qxh6 d4 31. Kg3 d3 32. Qe3 Rxb3 33. h6 Nc4 34. Qa7 Be4 35. Qxa6 d2 36. Qa4+ Kf8 37. Qxb3 Kg8 38. Ng1 Nb2 39. Qb8+ Kh7 40. Qb3 d1=Q 41. Qxd1 Nxd1 42. f3 Bg6 43. Ne2 Ne3 44. Kf2 Nf5 45. g4 Nxh6 46. f4 Nxg4+ 47. Kg3 Bf5 48. Nd4 Kg6 49. Nf3 Ne3 50. Nh2 Nd5 51. Kf3 f6 52. exf6 Bxf6 53. Nf1 Be7 54. Ng3 Bd6 55. Ne2 Nxf4 56. Nd4 Nd5 57. Ke2 e5 58. Kf2 exd4 59. Ke1 d3 60. Kd2 Bb4+ 61. Kd1 d2 62. Ke2 Bg4+ 63. Kd3 d1=Q+ 64. Ke4 Qd2 65. Ke5 Qe3+ 66. Kxd5 Bf3+ 67. Kc4 Qc5+ 68. Kb3 Bd5+ 69. Ka4 Qa5# 0-1

[Event "January 9 Early 2024"]
[Site "https://www.chess.com"]
[Date "2024.01.11"]
[Round "4"]
[White "Golubovic, Erik"]
[Black "Mohammadi, Melika"]
[Result "1-0"]
[Board "293"]
[TimeControl "180+1"]
[WhiteFideId "14586908"]
[BlackFideId "42529271"]
[WhiteElo "2259"]
[BlackElo "2453"]
[WhiteTeam "CRO"]
[BlackTeam "IRI"]
[WhiteClock "0:00:04"]
[BlackClock "0:00:02"]

1. d4 d5 2. c4 e6 3. Nf3 Nf6 4. g3 Be7 5. Bg2 O-O 6. O-O dxc4 7. Qc2 a6 8. a4 Bd7 9. Qxc4 Bc6 10. Bg5 Bd5 11. Qc2 Be4 12. Qc1 h6 13. Bxf6 Bxf6 14. Nc3 Bxf3 15. Bxf3 Qxd4 16. Bxb7 Ra7 17. Bg2 Qb4 18. Rd1 c5 19. Qc2 Nd7 20. Rab1 Ne5 21. Ne4 Be7 22. Rbc1 Rb8 23. Rb1 Rc7 24. Qc3 Nc6 25. e3 c4 26. Rdc1 Na5 27. Qe5 Rbc8 28. Bf1 Nc6 29. Qc3 Qxc3 30. bxc3 Na5 31. Rb6 Rc6 32. Rcb1 f5 33. Nd2 Bf6 34. Rxc6 Rxc6 35. Rb8+ Kh7 36. Nb1 Rd6 37. Kg2 Rd1 38. Na3 Bxc3 39. Nxc4 Nxc4 40. Bxc4 Rd6 41. Ra8 a5 42. f4 e5 43. fxe5 Bxe5 44. Rxa5 Rd2+ 45. Kf3 Bc3 46. Rxf5 Rxh2 47. Bd3 Kg8 48. a5 Ra2 49. a6 g6 50. Rc5 Be1 51. Rc6 g5 52. Rxh6 Rf2+ 53. Kg4 Rd2 54. Be4 Ra2 55. Kf5 Bd2 56. Rc6 Bxe3 57. Rc7 Kf8 58. Bb7 Rf2+ 59. Kg4 Ke8 60. Rh7 Ra2 61. Bc6+ Kd8 62. Bb5 Kc8 63. Rh8+ Kc7 64. Rh7+ Kb8 65. Bd3 Ra4+ 66. Kf3 Bd2 67. Rb7+ Ka8 68. Be4 Ra3+ 69. Kg4 Ra4 70. Rb4+ Ka7 71. Rxa4 1-0

[Event "January 9 Early 2024"]
[Site "https://www.chess.com"]
[Date "2024.01.11"]
[Round "4"]
[White "Sarana, Alexey"]
[Black "Sethuraman, S.P."]
[Result "1-0"]
[Board "294"]
[TimeControl "180+1"]
[WhiteFideId "24133795"]
[BlackFideId "5021596"]
[WhiteElo "3070"]
[BlackElo "2884"]
[WhiteTeam "SRB"]
[BlackTeam "IND"]
[WhiteClock "0:00:03"]
[BlackClock "0:00:01"]

1. d4 d5 2. c4 e6 3. Nc3 Nf6 4. Bg5 dxc4 5. e3 c5 6. Bxc4 Nc6 7. Nf3 cxd4 8. exd4 Be7 9. O-O O-O 10. Re1 Nb4 11. Ne5 Nfd5 12. Bd2 Nc6 13. Nxc6 bxc6 14. Ne4 Qb6 15. Bc3 Ba6 16. Qd3 Bxc4 17. Qxc4 Qb5 18. Qe2 Qxe2 19. Rxe2 Rab8 20. Rc2 f5 21. Nd2 Nxc3 22. bxc3 c5 23. dxc5 Bxc5 24. Nb3 Rfc8 25. Kf1 Kf7 26. Rd1 Rb7 27. Ke2 Be7 28. Rd3 Rc4 29. Nd2 Ra4 30. c4 Rc7 31. Nf3 Bf6 32. c5 Ra5 33. c6 Ra6 34. Rb3 Raxc6 35. Rxc6 Rxc6 36. Rb7+ Kg6 37. Rxa7 Rc2+ 38. Ke3 e5 39. Ra6 f4+ 40. Kd3 Rxf2 41. Nxe5+ Kf5 42. Nf3 Rxg2 43. h3 Rg3 44. Ra5+ Ke6 45. Ke4 Rxh3 46. Ra6+ Kf7 47. Kxf4 Rh1 48. a4 Rf1 49. Ra7+ Kg6 50. a5 Ra1 51. a6 Ra4+ 52. Ke3 Kf5 53. Ra8 Ra3+ 54. Ke2 Ra2+ 55. Ke3 Ra3+ 56. Ke2 g5 57. Nd2 g4 58. Nc4 Ra2+ 59. Kd3 g3 60. Ne3+ Ke6 61. a7 Be7 62. Ke4 g2 63. Nxg2 1-0

[Event "January 9 Early 2024"]
[Site "https://www.chess.com"]
[Date "2024.01.11"]
[Round "4"]
[White "Kubicka, Anna"]
[Black "Putri, Regita Desyari"]
[Result "1-0"]
[Board "295"]
[TimeControl "180+1"]
[WhiteFideId "1152254"]
[BlackFideId "7109083"]
[WhiteElo "2452"]
[BlackElo "2209"]
[WhiteTeam "POL"]
[BlackTeam "INA"]
[WhiteClock "0:00:08"]
[BlackClock "0:00:06"]

1. e4 c5 2. Ne2 Nc6 3. g3 g6 4. Bg2 Bg7 5. O-O d6 6. c3 Nf6 7. d4 O-O 8. h3 cxd4 9. cxd4 e5 10. d5 Ne7 11. Nbc3 Nd7 12. b3 f5 13. Ba3 Qb6 14. Na4 Qa6 15. Bb2 Nf6 16. Nac3 fxe4 17. Nxe4 Nxe4 18. Bxe4 Bxh3 19. Bg2 Bg4 20. f3 Bd7 21. Nc3 Nf5 22. Qe1 Nd4 23. Rf2 Qd3 24. Qd1 Qxd1+ 25. Rxd1 Rac8 26. Ne4 Rf6 27. Nxf6+ Bxf6 28. Ba3 Nb5 29. Bb4 Be7 30. f4 exf4 31. gxf4 b6 32. Re2 Bf8 33. Re4 a5 34. Be1 Bf5 35. Rc4 Re8 36. Bf2 Re2 37. Bxb6 Rxa2 38. Re1 Kf7 39. Bf1 Be7 40. Rcc1 Bd7 41. Bxb5 Bxb5 42. Rc7 Kf6 43. Rcxe7 Kf5 44. Rxh7 Kxf4 45. Rh3 Kg4 46. Rhe3 g5 47. Bc7 Rd2 48. Bxd6 Rxd5 49. Bb8 Bc6 50. Rg3+ Kh5 51. Rg2 Rd3 52. Rh2+ Kg6 53. Bc7 Rxb3 54. Re6+ Kf5 55. Rxc6 Rb1+ 56. Kg2 Rb2+ 57. Kf3 Rb3+ 58. Ke2 Rb4 59. Rf2+ Kg4 60. Rc3 Rb2+ 61. Ke3 Rb4 62. Rg2+ Kf5 63. Rf2+ Kg4 64. Rd2 Rb5 65. Rd4+ Kh5 66. Bd6 Rf5 67. Rc5 Rf1 68. Rdd5 Re1+ 69. Kd2 Rg1 70. Be7 Rg2+ 71. Ke1 1-0

[Event "January 9 Early 2024"]
[Site "https://www.chess.com"]
[Date "2024.01.11"]
[Round "4"]
[White "Luukkonen, Tommi"]
[Black "Radibratovic, Predrag"]
[Result "0-1"]
[Board "296"]
[TimeControl "180+1"]
[WhiteFideId "501808"]
[BlackFideId "902012"]
[WhiteElo "2319"]
[BlackElo "2518"]
[WhiteTeam "FIN"]
[BlackTeam "SRB"]
[WhiteClock "0:00:02"]
[BlackClock "0:00:47"]

1. d4 d5 2. c4 c6 3. Nf3 Nf6 4. Nc3 Bf5 5. e3 e6 6. Nh4 Bg6 7. Be2 Nbd7 8. O-O Be7 9. Nxg6 hxg6 10. Qc2 O-O 11. b3 a5 12. a3 Bd6 13. e4 dxe4 14. Nxe4 Nxe4 15. Qxe4 Nf6 16. Qh4 Be7 17. Bg5 Re8 18. Rfd1 Nh7 19. Bxe7 Qxe7 20. Qg3 Nf6 21. Bf3 Rad8 22. Qe5 Ra8 23. Rd3 Red8 24. h4 Qd6 25. Rad1 a4 26. b4 Rac8 27. g3 Rd7 28. c5 Qxe5 29. dxe5 Nd5 30. Be4 Kf8 31. Kg2 Ke7 32. Kf3 Rh8 33. Rd4 Rh5 34. Bc2 Rxe5 35. Bxa4 Rf5+ 36. Kg2 Re5 37. Bb3 Re2 38. Kf3 Rb2 39. Bxd5 Rxd5 40. Rxd5 exd5 41. Re1+ Kd7 42. Re3 Ra2 43. g4 Ra1 44. h5 gxh5 45. gxh5 Rh1 46. Kg4 Rg1+ 47. Kh4 Rh1+ 48. Kg4 Rh2 49. f4 Rg2+ 50. Kf5 Rg1 51. Rh3 Ke7 52. h6 gxh6 53. Rxh6 Ra1 54. Rh8 Rxa3 55. Rb8 Ra7 56. Ke5 f6+ 57. Kf5 Kf7 58. Rc8 Ke7 59. Rc7+ Kd8 60. Rh7 Kc8 61. Ke6 Ra4 62. Kxf6 Rxb4 63. Ke5 Re4+ 64. Kf5 Rc4 65. Ke5 Re4+ 66. Kf5 Re1 67. Kf6 d4 68. Rh3 Re3 69. Rh2 d3 70. Rd2 Kd7 71. Kf5 Ke7 72. Kg5 Kf7 73. Kf5 Ke7 74. Rb2 Re2 75. Rxb7+ Kd8 76. Rb4 d2 77. Rd4+ Ke7 78. Kg5 Ke6 79. f5+ Ke5 80. Rd8 Rg2+ 81. Kh6 Kxf5 82. Kh5 Ke4 83. Kh4 Ke3 0-1

[Event "January 9 Early 2024"]
[Site "https://www.chess.com"]
[Date "2024.01.11"]
[Round "4"]
[White "Kornyukov, Alexey"]
[Black "Toktomushev, Teimur"]
[Result "0-1"]
[Board "297"]
[TimeControl "180+1"]
[WhiteFideId "4150457"]
[BlackFideId "14176726"]
[WhiteElo "2274"]
[BlackElo "2489"]
[WhiteTeam "RUS"]
[BlackTeam "UKR"]
[WhiteClock "0:00:03"]
[BlackClock "0:00:07"]

1. e4 c5 2. Nf3 e6 3. Nc3 a6 4. d4 cxd4 5. Nxd4 b5 6. a3 Bb7 7. Bd3 Nc6 8. Nxc6 Bxc6 9. O-O Qc7 10. Re1 Bd6 11. h3 Ne7 12. Bg5 h6 13. Bxe7 Bxe7 14. Qe2 O-O 15. Rad1 d6 16. e5 dxe5 17. Qxe5 Qxe5 18. Rxe5 Rfd8 19. Ree1 b4 20. axb4 Bxb4 21. Be4 Bxc3 22. Rxd8+ Rxd8 23. bxc3 Bxe4 24. Rxe4 Rd1+ 25. Kh2 Rd2 26. f3 a5 27. Ra4 Rd5 28. c4 Rc5 29. Kg3 Kf8 30. Kf2 Ke7 31. Ke3 Kd6 32. Kd4 e5+ 33. Ke4 g6 34. g4 Kc6 35. Kd3 Kb6 36. Kc3 f5 37. Kd3 Rc8 38. Ra1 Rd8+ 39. Kc3 Ra8 40. Rb1+ Kc6 41. gxf5 gxf5 42. Rg1 a4 43. Rg6+ Kc5 44. Kb2 a3+ 45. Ka2 Kxc4 46. Rxh6 e4 47. fxe4 fxe4 48. Re6 Kd4 49. c3+ Kd3 50. h4 e3 51. h5 e2 52. Rd6+ Kxc3 53. Re6 Kd2 54. Rd6+ Ke1 55. Re6 Kf1 56. Rf6+ Ke1 57. Re6 Rh8 58. h6 Kd2 59. Rd6+ Kc2 60. Rc6+ Kd3 61. Rd6+ Kc3 62. Re6 Kd2 63. Rd6+ Ke1 64. Kxa3 Rf8 65. h7 Kf1 66. Rh6 e1=Q 67. h8=Q Rxh8 68. Rxh8 Qc3+ 69. Ka4 Qxh8 70. Kb5 Ke2 71. Kc4 Ke3 72. Kd5 Qd4+ 73. Ke6 Kf4 0-1

[Event "January 9 Early 2024"]
[Site "https://www.chess.com"]
[Date "2024.01.11"]
[Round "4"]
[White "Vakhidov, Shahzod"]
[Black "Cupid, Kevin"]
[Result "1-0"]
[Board "298"]
[TimeControl "180+1"]
[WhiteFideId "14205270"]
[BlackFideId "7700512"]
[WhiteElo "2519"]
[BlackElo "2326"]
[WhiteTeam "UZB"]
[BlackTeam "TTO"]
[WhiteClock "0:00:07"]
[BlackClock "0:00:03"]

1. d4 d5 2. Nf3 Nf6 3. c4 e6 4. g3 Bb4+ 5. Bd2 Be7 6. Bg2 O-O 7. O-O Nbd7 8. Qc2 c6 9. Rd1 Ne4 10. Bf4 g5 11. Bd2 f5 12. Nc3 g4 13. Ne1 Ndf6 14. cxd5 exd5 15. Nd3 Nxc3 16. bxc3 Be6 17. Rab1 b5 18. Nf4 Bd7 19. f3 Bd6 20. fxg4 Nxg4 21. Qd3 Qe7 22. Bf3 Nf6 23. Qe3 Qxe3+ 24. Bxe3 Rae8 25. Bd2 Ne4 26. Rbc1 Rb8 27. Nd3 Rfe8 28. Bf4 Bxf4 29. gxf4 Rb6 30. Ne5 Be6 31. Bxe4 dxe4 32. Kf2 Kh8 33. a4 bxa4 34. Ra1 Bb3 35. Rg1 Rb7 36. Nxc6 Rg7 37. Rxg7 Kxg7 38. Nxa7 Rb8 39. Nc6 Rc8 40. Ne7 Rxc3 41. Nxf5+ Kf6 42. Nd6 Kg6 43. Nxe4 Rc2 44. Ke3 Kf5 45. Nd2 Rc7 46. Nxb3 axb3 47. Rb1 Re7+ 48. Kf3 Re4 49. e3 Re7 50. Rxb3 Rc7 51. Rb5+ Kf6 52. Re5 Rc2 53. h4 h6 54. h5 Rc1 55. Ra5 Rh1 56. Ke4 Rh3 57. Ra6+ Kg7 58. Rg6+ Kh7 59. Rg2 Rxh5 60. d5 Rh1 61. Ke5 Rd1 62. e4 h5 63. Ke6 Kh6 64. d6 h4 65. d7 Kh5 66. Ke7 h3 67. Rh2 Kg4 68. Rxh3 Kxf4 69. d8=Q Rxd8 70. Kxd8 1-0

[Event "January 9 Early 2024"]
[Site "https://www.chess.com"]
[Date "2024.01.11"]
[Round "4"]
[White "Zhuk, Valeriy"]
[Black "Lymar, Vladislav"]
[Result "1/2-1/2"]
[Board "299"]
[TimeControl "180+1"]
[WhiteFideId "24151254"]
[BlackFideId "14162180"]
[WhiteElo "2393"]
[BlackElo "2530"]
[WhiteTeam "RUS"]
[BlackTeam "UKR"]
[WhiteClock "0:00:03"]
[BlackClock "0:00:02"]

1. e4 c5 2. Nf3 a6 3. c4 Nc6 4. d4 cxd4 5. Nxd4 e5 6. Nc2 Nf6 7. Nc3 Bc5 8. Be2 O-O 9. O-O d6 10. Bg5 Be6 11. Ne3 h6 12. Bh4 Bd4 13. Ncd5 g5 14. Nxf6+ Qxf6 15. Bg3 Rac8 16. Nd5 Bxd5 17. cxd5 Ne7 18. Qd2 Qg6 19. Bg4 Qxe4 20. Bxc8 Rxc8 21. Rac1 Rxc1 22. Rxc1 Nxd5 23. h4 Qg4 24. hxg5 hxg5 25. Bh2 Kg7 26. Qd1 Qh4 27. Qe2 g4 28. Rd1 Qg5 29. Qe4 Nf6 30. Qd3 Nh5 31. Kf1 g3 32. Bxg3 b5 33. b3 Nf6 34. Qf3 Ng4 35. Qe4 Qh5 36. Rxd4 exd4 37. Qxd4+ Kg8 38. Qxd6 Qf5 39. f3 Ne3+ 40. Kf2 Nd5 41. Qd8+ Kh7 42. Qh4+ Kg7 43. Qd4+ Kg8 44. Qd2 Qe6 45. Bf4 b4 46. Be3 Nc3 47. Bd4 Nb5 48. Qg5+ Qg6 49. Qxg6+ fxg6 50. Be5 Kf7 51. Ke3 Ke6 52. Ke4 Na3 53. f4 Nc2 54. g4 a5 55. f5+ gxf5+ 56. gxf5+ Kf7 57. Kd5 Ne3+ 58. Kc5 Nxf5 59. Kb5 Ke6 60. Bb2 Kd5 61. Kxa5 Kc5 62. Bf6 Ne3 63. Be7+ Kc6 64. Bxb4 Nd1 65. Bd2 Nb2 66. Kb4 Nd3+ 67. Kc4 Nc5 68. b4 Ne4 69. Be3 Nd6+ 1/2-1/2

[Event "January 9 Early 2024"]
[Site "https://www.chess.com"]
[Date "2024.01.11"]
[Round "4"]
[White "Huschenbeth, Niclas"]
[Black "Santeramo, Alessia Carmen"]
[Result "1/2-1/2"]
[Board "300"]
[TimeControl "180+1"]
[WhiteFideId "24604747"]
[BlackFideId "850810"]
[WhiteElo "2501"]
[BlackElo "2325"]
[WhiteTeam "GER"]
[BlackTeam "ITA"]
[WhiteClock "0:00:06"]
[BlackClock "0:00:03"]

1. e4 e5 2. Nf3 Nc6 3. Bc4 Nf6 4. d4 exd4 5. e5 d5 6. Bb5 Ne4 7. Nxd4 Bc5 8. Be3 O-O 9. Nxc6 bxc6 10. Bxc5 Nxc5 11. Bxc6 Rb8 12. Qxd5 Qe7 13. O-O Rxb2 14. Nc3 Rxc2 15. Qd4 Be6 16. Rac1 Rd8 17. Qxd8+ Qxd8 18. Rxc2 h6 19. Rd1 Qg5 20. Nd5 Bxd5 21. Bxd5 Ne6 22. Bxe6 fxe6 23. Rxc7 Qxe5 24. Rxa7 Qe2 25. Rf1 e5 26. h3 e4 27. Ra3 Qb2 28. Re3 Qxa2 29. Rxe4 Qd5 30. Rfe1 Kh7 31. R4e3 Qd4 32. Rg3 Qd6 33. Rge3 Qb4 34. Re4 Qb6 35. R4e2 Qb7 36. Kf1 Qb5 37. Kg1 Qg5 38. Re7 Qa5 39. Rf7 Qxe1+ 40. Kh2 Qe5+ 41. g3 Qd5 42. Rf4 Qd2 43. Kg2 Kg6 44. Rg4+ Kh7 45. h4 g6 46. Rf4 Qd5+ 47. Kh2 Kg7 48. Rb4 Qc5 49. Rf4 g5 50. hxg5 hxg5 51. Rf3 Kg6 52. Kg1 Qc1+ 53. Kh2 Qc6 54. Rf8 Qc2 55. Kg2 Qc6+ 56. Kg1 g4 57. Rf4 Qc1+ 58. Kh2 Kg5 59. Kg2 Qc6+ 60. Kh2 Qh6+ 61. Kg2 Qe6 62. Kg1 Qe2 63. Kg2 Qd3 64. Kg1 Qb1+ 65. Kg2 Qc1 66. Kh2 Qd2 67. Kg2 Qd5+ 68. Kh2 Qc6 69. Kg1 Qb7 70. Kh2 Qh7+ 71. Kg2 Qh3+ 72. Kg1 Qh7 73. Kg2 Qd3 74. Kh2 Qd2 75. Kg2 Qc1 76. Kh2 Qf1 77. Rf8 Kg6 78. Rf4 Kh5 79. Rf5+ Kg6 80. Rf4 Kg5 81. Rf8 Qd1 82. Rf4 Qd5 83. Kg1 Qd1+ 84. Kg2 Qc1 1/2-1/2